 Dungeon Crawl Stone Soup version 0.29-a0-575-g0dc89cf053 (webtiles) character file.

Game seed: 3248209132246653400

38216 dolemite99 the Blocker (level 14, -1/106 HPs)
             Began as a Gnoll Earth Elementalist on June 13, 2022.
             Was a High Priest of Dithmenos.
             Slain by an elephant (15 damage)
             ... on level 6 of the Lair of Beasts.
             The game lasted 00:36:39 (31648 turns).

dolemite99 the Blocker (Gnoll Earth Elementalist)  Turns: 31648, Time: 00:36:39

Health: -1/106     AC: 12    Str: 12    XL:     14   Next: 1%
Magic:  13/28      EV: 16    Int: 24    God:    Dithmenos [*****.]
Gold:   1148       SH:  0    Dex: 14    Spells: 11/33 levels left

rFire   + . .      SeeInvis .   a - +0 demon whip (flame)
rCold   . . .      Faith    .   (no shield)
rNeg    + . .      Spirit   .   I - +1 leather armour {Will+}
rPois   +          Reflect  .   H - +2 helmet {rF+}
rElec   .          Harm     .   Q - +0 cloak
rCorr   .          Rampage  .   (no gloves)
Will    ++...                   y - +1 pair of boots
Stlth   ++++++....              (no amulet)
HPRegen 0.27/turn               e - +6 ring of intelligence {=R}
MPRegen 0.21/turn               g - ring "Uqow Tadu" {rPois rN+ Str+4}

@: wreathed by umbra, studying Shields
A: fangs 1, strong nose, distributed training
a: Renounce Religion, Shadow Step, Shadow Form


You were on level 6 of the Lair of Beasts.
You worshipped Dithmenos.
Dithmenos was extremely pleased with you.
You visited 3 branches of the dungeon, and saw 18 of its levels.
You also visited: Ossuary, Bailey and Ice Cave.

You collected 1840 gold pieces.
You spent 692 gold pieces at shops.

Inventory:

Hand Weapons
 a - a +0 demon whip of flaming (weapon)
 b - a +0 hand crossbow of venom
 z - a +2 rapier of flaming
 N - the +6 falchion "Conservator" {drain, Str+2}
   (You found it on level 6 of the Dungeon)

   A truly terrible weapon, it drains the life of any living foe it strikes.
   Str:       It affects your strength (+2).
 P - a +0 broad axe
Missiles
 i - 29 boomerangs
 q - 5 javelins
 s - 545 stones
 L - 37 poisoned darts
Armour
 y - a +1 pair of boots (worn)
 D - a +0 kite shield
 H - a +2 helmet of fire resistance (worn)
 I - a +1 leather armour of willpower (worn)
 Q - a +0 cloak (worn)
Magical Staves
 j - a staff of poison
 B - a staff of death
 M - a staff of poison
Jewellery
 c - a ring of protection from cold
 d - a +6 ring of dexterity
 e - a +6 ring of intelligence (left hand) {=R}
 g - the ring "Uqow Tadu" (right hand) {rPois rN+ Str+4}
   (You found it in an ice cave)

   [ring of positive energy]

   Str:       It affects your strength (+4).
   rPois:     It protects you from poison.
   rN:        It protects you from negative energy.
 n - the ring "Ohoucunu" {rN+ Stlth+}
   (You found it in an ice cave)

   [ring of positive energy]

   rN:        It protects you from negative energy.
   Stlth:     It makes you more stealthy.
 r - a ring of see invisible
 u - a ring of protection from cold
 w - a ring of willpower
 K - a ring of willpower
 W - a +4 ring of evasion
 Z - a ring of protection from fire
Wands
 G - a wand of flame (8) (quivered)
 R - a wand of polymorph (8)
 X - a wand of paralysis (6)
Scrolls
 m - a scroll of poison
 v - 2 scrolls of fog
 C - 3 scrolls of identify {@r1}
 O - 4 scrolls of blinking
 S - 7 scrolls of teleportation
 T - a scroll of silence
 Y - a scroll of magic mapping
Potions
 h - a potion of resistance
 l - a potion of ambrosia
 o - 8 potions of might
 p - 4 potions of haste
 t - 2 potions of lignification
 x - 5 potions of mutation
 A - 2 potions of berserk rage
 E - 2 potions of magic
 F - 3 potions of brilliance {unknown}
 J - 6 potions of attraction
 U - 2 potions of flight
 V - 4 potions of curing
Miscellaneous
 f - a lightning rod (1/4)


   Skills:
 + Level 8.8 Fighting
 + Level 8.8 Short Blades
 + Level 8.8 Long Blades
 + Level 8.8 Axes
 + Level 8.8 Maces & Flails
 + Level 8.8 Polearms
 + Level 8.8 Staves
 + Level 8.8 Slings
 + Level 8.8 Bows
 + Level 8.8 Crossbows
 + Level 8.8 Throwing
 + Level 8.8 Armour
 + Level 10.0 Dodging
 + Level 9.8 Stealth
 + Level 11.7 Shields
 + Level 8.8 Unarmed Combat
 + Level 10.2 Spellcasting
 + Level 7.3 Conjurations
 + Level 7.3 Hexes
 + Level 7.3 Summonings
 + Level 7.3 Necromancy
 + Level 7.3 Translocations
 + Level 7.7 Transmutations
 + Level 7.3 Fire Magic
 + Level 7.3 Ice Magic
 + Level 7.3 Air Magic
 + Level 9.2 Earth Magic
 + Level 7.3 Poison Magic
 + Level 9.6 Invocations
 + Level 8.8 Evocations


You had 11 spell levels left.
You knew the following spells:

 Your Spells              Type           Power      Damage    Failure   Level
a - Stone Arrow           Conj/Erth      100%       3d13      1%          3
b - Sandblast             Erth           100%       2d20      1%          1
c - Irradiate             Conj/Tmut      24%        3d21      9%          5
d - Petrify               Tmut/Erth      52%        N/A       1%          4
e - Teleport Other        Tloc           47%        N/A       1%          3
f - Passwall              Tmut/Erth      43%        N/A       1%          2
g - Iskenderun's Mystic   Conj/Tloc      47%        2d10      3%          4

Your spell library contained the following spells:

 Spells                   Type           Power      Damage    Failure   Level
 Summon Small Mammal      Summ           100%       N/A       1%          1
 Sublimation of Blood     Necr           47%        N/A       1%          2
 Call Canine Familiar     Summ           47%        N/A       1%          3
 Dazzling Flash           Conj/Hex       94%        N/A       1%          3
 Gell's Gravitas          Tloc           47%        N/A       1%          3
 Summon Guardian Golem    Hex/Summ       47%        N/A       1%          3
 Tukima's Dance           Hex            47%        N/A       1%          3
 Hailstorm                Conj/Ice       47%        3d11      3%          4
 Ice Form                 Ice/Tmut       48%        N/A       3%          4
 Passage of Golubria      Tloc           47%        N/A       3%          4
 Yara's Violent Unravell  Hex/Tmut       24%        3d11      9%          5
 Dispersal                Tloc           23%        N/A       43%         6
 Simulacrum               Ice/Necr       23%        N/A       43%         6
 Starburst                Conj/Fire      23%        6d8       43%         6


Dungeon Overview and Level Annotations

Branches:
Dungeon (11/15)            Temple (1/1) D:6            Lair (6/6) D:11
  Swamp (0/4) Lair:2        Snake (0/4) Lair:2      Ossuary (visited)
 Bailey (visited)           IceCv (visited)
  Slime: Lair:5-6       Orc: D:9-12

Altars:
Dithmenos
Trog
Xom

Shops:
D:4 *=   D:7 ?   D:8 ?   D:9 **


Innate Abilities, Weirdness & Mutations

You have very sharp teeth.
Your uncanny sense of smell can sniff out nearby items.
Your experience applies equally to all skills.


Message History

The rime drake breathes ice at you. The flash freeze hits you!
You are encased in ice.
The elephant tramples you!
* * * LOW HITPOINT WARNING * * *
You hold your ground!
The elephant barely misses you.
The blink frog blinks!
The elephant misses you. The elephant trunk-slaps you.
* * * LOW HITPOINT WARNING * * *
The elephant tramples you but does no damage.
The elephant barely misses you.
Casting: Sandblast (safe; 1% risk of failure)
Confirm with . or Enter, or press ? or * to list all spells.
Aiming: Sandblast (safe; 1% risk of failure)
Press: ? - help, Shift-Dir - straight line, f/p - elephant
Aim: an elephant (severely wounded, umbra, 100% to hit)
The blast of sand hits the elephant.
The elephant is severely wounded.
The ice encasing you melts away. The rime drake breathes ice at you.
The flash freeze misses you.
The flash freeze hits the plant!!
The plant begins to die.
The plant is flash-frozen.
The elephant misses you. The elephant barely misses you.
The polar bear closely misses you. x2
The polar bear claws you but does no damage.
The elephant closely misses you. x2; The elephant misses you.
The elephant completely misses you. The polar bear bites you!
* * * LOW HITPOINT WARNING * * *
The polar bear claws you.
* * * LOW HITPOINT WARNING * * *
The polar bear closely misses you. The elephant misses you.
The elephant trunk-slaps you but does no damage.
Casting: Sandblast (safe; 1% risk of failure)
Confirm with . or Enter, or press ? or * to list all spells.
Aiming: Sandblast (safe; 1% risk of failure)
Press: ? - help, Shift-Dir - straight line, f/p - elephant
Aim: an elephant (severely wounded, umbra, 100% to hit)
The blast of sand hits the elephant!
The elephant is almost dead.
The blink frog barely misses you.
The blink frog blinks!
The elephant tramples you!
You die...

≈≈##≈##...###.............
#≈≈≈P≈#....................
#≈≈≈≈..#.F...P.............
8.#≈#≈#P≈##..#.......##..........
≈≈≈≈≈#≈≈#≈≈#....................
≈#≈#≈##≈..≈.....k.....##.........
≈≈≈.≈≈≈≈≈≈≈[.##.................
≈ #≈≈#≈≈≈#≈≈[PP#.P.........##.P.#
≈##≈≈##≈≈.#≈÷PPh@§.......### ...#
..≈.≈.≈.≈≈..<†.YYP....#.## #.P
.............†÷......#### ..
#.#...................#
...#†.......#.#.......#
......†...######.#...##
#.......### #.#.### .......##
##### #...####


You could see 2 elephants, a polar bear, a blink frog and a rime drake (catching
breath).

Vanquished Creatures
  A white draconian (IceCv)
  5 hydras
  A two-headed ogre (D:11)
  A tengu warrior (D:10)
  Nergalle (Lair:1)
  Amaemon (D:10)
  A bog body (Lair:2)
  A harpy (Lair:6)
  An ugly thing (D:11)
  A manticore (Lair:6)
  A cyclops (D:8)
  9 elephants
  2 ice statues (IceCv)
  Joseph (D:9)
  A torpor snail (Lair:2)
  2 black mambas (Lair:2)
  An orange demon (D:10)
  9 rime drakes
  Maggie (D:8)
  An unseen horror (D:11)
  11 cane toads
  A tengu conjurer (D:10)
  A kobold demonologist (D:11)
  4 komodo dragons
  A troll (D:11)
  3 polar bears
  A hornet (D:10)
  A wind drake (Lair:6)
  12 blink frogs
  Sigmund (D:6)
  A snapping turtle (Lair:6)
  2 shadows
  A vampire (D:11)
  2 wyverns
  17 yaks
  4 steam dragons
  6 vampire mosquitoes
  6 basilisks
  A swamp worm (Lair:2)
  An acid dragon (D:11)
  Duvessa (D:6)
  11 water moccasins
  3 ice beasts
  4 orc warriors
  A swamp drake (D:10)
  3 black bears
  8 wolves
  5 ogres
  5 centaurs
  11 bullfrogs
  6 kobold brigands
  6 scorpions
  8 wights
  Dowan (D:6)
  3 lindwurm simulacra (IceCv)
  11 killer bees
  An electric eel (Lair:2)
  8 howler monkeys
  A centaur zombie (Ossuary)
  4 komodo dragon simulacra (IceCv)
  5 orc priests
  Crazy Yiuf (D:7)
  A human zombie (Ossuary)
  6 jellies
  2 gnoll shamans (D:5)
  5 hounds
  11 orc wizards
  2 mummies (Ossuary)
  5 acid dragon simulacra (IceCv)
  5 gnolls
  6 adders
  2 shadow imps
  A white imp (D:7)
  An ufetubus (D:6)
  9 steam dragon simulacra (IceCv)
  3 worms
  3 dart slugs
  42 orcs
  4 ball pythons
  4 bats
  8 endoplasms
  3 giant cockroaches
  3 gnoll zombies (Ossuary)
  11 hobgoblins
  4 iguanas
  19 jackals
  37 kobolds
  3 quokkas
  7 frilled lizards
  10 goblins
  2 goblin zombies (Ossuary)
  2 hobgoblin zombies (Ossuary)
  5 orc zombies (Ossuary)
  2 rats
454 creatures vanquished.

Vanquished Creatures (collateral kills)
  4 orcs (D:7)
4 creatures vanquished.

Vanquished Creatures (others)
  23 fungi
  41 plants
64 creatures vanquished.

Grand Total: 522 creatures vanquished

Notes
Turn   | Place    | Note
-------+----------+-------------------------------------------
     0 | D:1      | dolemite99 the Gnoll Earth Elementalist began the quest for
                  | the Orb.
     0 | D:1      | Reached XP level 1. HP: 13/13 MP: 6/6
   445 | D:1      | Reached XP level 2. HP: 12/20 MP: 3/7
  1151 | D:2      | Found a faded altar of an unknown god.
  1161 | D:2      | Prayed at the altar of an unknown god.
  1161 | D:2      | Became a worshipper of Dithmenos the Shadowed
  1161 | D:2      | Reached * piety under Dithmenos
  1217 | D:2      | Learned a level 2 spell: Passwall
  1282 | D:2      | Reached XP level 3. HP: 25/25 MP: 6/9
  1414 | D:2      | Found a bloodstained altar of Trog.
  1431 | D:2      | Reached skill level 5 in Spellcasting
  1521 | D:2      | Identified the +0 scale mail of the Bulwark {Int+4 Stlth+}
  1642 | D:2      | Reached skill level 1 in Invocations
  2356 | D:3      | Reached skill level 1 in Fighting
  2356 | D:3      | Reached skill level 1 in Short Blades
  2356 | D:3      | Reached skill level 1 in Long Blades
  2356 | D:3      | Reached skill level 1 in Axes
  2356 | D:3      | Reached skill level 1 in Maces & Flails
  2356 | D:3      | Reached skill level 1 in Polearms
  2356 | D:3      | Reached skill level 1 in Staves
  2356 | D:3      | Reached skill level 1 in Slings
  2356 | D:3      | Reached skill level 1 in Bows
  2356 | D:3      | Reached skill level 1 in Crossbows
  2356 | D:3      | Reached skill level 1 in Throwing
  2356 | D:3      | Reached skill level 1 in Armour
  2356 | D:3      | Reached skill level 1 in Shields
  2356 | D:3      | Reached skill level 1 in Unarmed Combat
  2356 | D:3      | Reached skill level 1 in Evocations
  2523 | D:3      | Reached XP level 4. HP: 23/32 MP: 6/11
  3094 | D:3      | Reached ** piety under Dithmenos
  3097 | D:3      | Reached skill level 1 in Conjurations
  3097 | D:3      | Reached skill level 1 in Hexes
  3097 | D:3      | Reached skill level 1 in Summonings
  3097 | D:3      | Reached skill level 1 in Necromancy
  3097 | D:3      | Reached skill level 1 in Translocations
  3097 | D:3      | Reached skill level 1 in Fire Magic
  3097 | D:3      | Reached skill level 1 in Ice Magic
  3097 | D:3      | Reached skill level 1 in Air Magic
  3097 | D:3      | Reached skill level 1 in Poison Magic
  3171 | D:3      | Learned a level 3 spell: Stone Arrow
  3280 | D:5      | Entered Level 5 of the Dungeon
  3309 | D:4      | Found a shimmering altar of Xom.
  3331 | D:4      | Reached XP level 5. HP: 37/37 MP: 10/12
  3358 | D:4      | Learned a level 4 spell: Petrify
  3431 | D:4      | Found Boq Jen's Jewellery Boutique.
  3690 | D:4      | Found Lupel's Fire Supplies.
  3726 | D:4      | Bought a +0 helmet of fire resistance for 161 gold pieces
  4617 | D:4      | Reached XP level 6. HP: 37/44 MP: 7/13
  4720 | D:5      | Reached skill level 5 in Dodging
  4720 | D:5      | Reached skill level 2 in Shields
  5272 | D:5      | Reached XP level 7. HP: 14/50 MP: 11/15
  7052 | D:5      | Reached skill level 5 in Stealth
  7278 | D:5      | Learned a level 3 spell: Teleport Other
  7903 | D:5      | Reached XP level 8. HP: 57/57 MP: 13/16
  7942 | D:5      | Found the +18 Lear's hauberk
  8382 | D:5      | Reached skill level 3 in Shields
  8849 | D:6      | Noticed a yak
  9143 | D:6      | Reached *** piety under Dithmenos
  9306 | D:6      | Killed a yak
  9307 | D:6      | Reached XP level 9. HP: 65/65 MP: 5/18
  9727 | D:6      | Noticed Dowan
  9745 | D:6      | Noticed Duvessa
  9758 | D:6      | Killed Duvessa
  9759 | D:6      | Reached skill level 4 in Shields
  9895 | D:6      | Killed Dowan
 10259 | D:6      | Found a staircase to the Ecumenical Temple.
 10295 | D:6      | Noticed Sigmund
 10301 | D:6      | Killed Sigmund
 10545 | D:6      | Identified the +6 falchion "Conservator" {drain, Str+2}
 11026 | D:6      | Reached skill level 5 in Shields
 11192 | D:7      | Reached skill level 5 in Invocations
 11647 | D:7      | Found Ryephy's Magic Scroll Boutique.
 11659 | D:7      | Bought a scroll of blinking for 105 gold pieces
 11659 | D:7      | Bought a scroll of identify for 28 gold pieces
 11659 | D:7      | Bought a scroll of identify for 28 gold pieces
 11659 | D:7      | Bought a scroll of identify for 28 gold pieces
 11659 | D:7      | Bought a scroll of identify for 28 gold pieces
 11716 | D:7      | Found a sand-covered staircase.
 11723 | Ossuary  | Entered an ossuary
 11940 | D:7      | Reached **** piety under Dithmenos
 12125 | D:7      | Found a runed translucent door.
 12126 | D:7      | Noticed Crazy Yiuf
 12131 | D:7      | Killed Crazy Yiuf
 12377 | D:7      | Reached XP level 10. HP: 73/73 MP: 16/20
 12529 | Temple   | Entered the Ecumenical Temple
 12636 | D:7      | Reached skill level 5 in Fighting
 12636 | D:7      | Reached skill level 5 in Short Blades
 12636 | D:7      | Reached skill level 5 in Long Blades
 12636 | D:7      | Reached skill level 5 in Axes
 12636 | D:7      | Reached skill level 5 in Maces & Flails
 12636 | D:7      | Reached skill level 5 in Polearms
 12636 | D:7      | Reached skill level 5 in Staves
 12636 | D:7      | Reached skill level 5 in Slings
 12636 | D:7      | Reached skill level 5 in Bows
 12636 | D:7      | Reached skill level 5 in Crossbows
 12636 | D:7      | Reached skill level 5 in Throwing
 12636 | D:7      | Reached skill level 5 in Armour
 12636 | D:7      | Reached skill level 5 in Unarmed Combat
 12636 | D:7      | Reached skill level 5 in Evocations
 12645 | D:7      | Reached skill level 6 in Shields
 13487 | D:8      | Found a flagged portal.
 13518 | Bailey   | Entered a bailey
 13588 | Bailey   | Noticed an orc warlord
 13864 | D:8      | Noticed a cyclops
 13869 | D:8      | Killed a cyclops
 14034 | D:8      | Noticed Maggie
 14084 | D:8      | Killed Maggie
 14379 | D:8      | Reached skill level 5 in Transmutations
 14499 | D:8      | Reached ***** piety under Dithmenos
 14681 | D:8      | Found Geuchog's Magic Scroll Shoppe.
 15411 | D:9      | Reached skill level 7 in Shields
 15635 | D:9      | Noticed Joseph
 15658 | D:9      | Killed Joseph
 15760 | D:9      | Found Kaupsin's General Store.
 15774 | D:9      | Found Icesuxei's Specific Store.
 15779 | D:9      | Bought a scroll of teleportation for 45 gold pieces
 15779 | D:9      | Bought a scroll of teleportation for 45 gold pieces
 15779 | D:9      | Bought a scroll of enchant armour for 112 gold pieces
 15779 | D:9      | Bought a scroll of enchant weapon for 112 gold pieces
 15852 | D:9      | Reached XP level 11. HP: 81/81 MP: 19/22
 16452 | D:9      | Reached skill level 5 in Conjurations
 16452 | D:9      | Reached skill level 5 in Hexes
 16452 | D:9      | Reached skill level 5 in Summonings
 16452 | D:9      | Reached skill level 5 in Necromancy
 16452 | D:9      | Reached skill level 5 in Translocations
 16452 | D:9      | Reached skill level 5 in Fire Magic
 16452 | D:9      | Reached skill level 5 in Ice Magic
 16452 | D:9      | Reached skill level 5 in Air Magic
 16452 | D:9      | Reached skill level 5 in Poison Magic
 16627 | D:10     | Entered Level 10 of the Dungeon
 16688 | D:10     | Noticed a tengu warrior
 16709 | D:10     | Killed a tengu warrior
 17130 | D:10     | Noticed Amaemon
 17150 | D:10     | Killed Amaemon
 17150 | D:10     | HP: 3/81 [poisoned by a scorpion]
 17151 | D:10     | Reached skill level 8 in Shields
 17160 | D:10     | HP: 4/82 [poisoned by a scorpion]
 18997 | D:11     | Found a staircase to the Lair.
 19240 | D:11     | Noticed a white ugly thing
 19248 | D:11     | Killed a white ugly thing
 19634 | D:11     | Identified the +3 dagger of Ximouwn {spect, rC- Dex+7 SInv}
 19689 | D:11     | Noticed a two-headed ogre
 19700 | D:11     | Killed a two-headed ogre
 19701 | D:11     | Reached XP level 12. HP: 85/89 MP: 11/24
 20049 | Lair:1   | Entered Level 1 of the Lair of Beasts
 20272 | Lair:1   | Noticed Nergalle
 20279 | Lair:1   | Killed Nergalle
 20280 | Lair:1   | Reached skill level 9 in Shields
 21142 | Lair:1   | Found a bloodstained altar of Trog.
 21506 | Lair:2   | Found a frozen archway.
 21526 | IceCv    | Entered an ice cave
 23556 | IceCv    | Noticed a white draconian
 23573 | IceCv    | Killed a white draconian
 23873 | IceCv    | Identified the ring "Uqow Tadu" {rPois rN+ Str+4}
 23877 | IceCv    | Identified the ring "Ohoucunu" {rN+ Stlth+}
 24260 | Lair:2   | Noticed a seven-headed hydra
 24264 | Lair:2   | Killed a seven-headed hydra
 24410 | Lair:2   | Found a staircase to the Snake Pit.
 24417 | Lair:2   | Learned a level 5 spell: Irradiate
 24483 | Lair:2   | Reached skill level 10 in Shields
 25300 | Lair:2   | Noticed a four-headed hydra
 25306 | Lair:2   | Killed a four-headed hydra
 25414 | Lair:2   | Reached XP level 13. HP: 94/98 MP: 23/26
 25994 | Lair:2   | Found a staircase to the Swamp.
 26258 | Lair:2   | HP: 3/98 [poisoned by a cane toad]
 28506 | Lair:4   | You fall into a shaft and drop 1 floor!
 28581 | Lair:5   | Reached skill level 11 in Shields
 29382 | Lair:5   | Learned a level 4 spell: Iskenderun's Mystic Blast
 30260 | Lair:6   | Entered Level 6 of the Lair of Beasts
 30300 | Lair:5   | Reached skill level 10 in Spellcasting
 31589 | Lair:6   | Reached skill level 10 in Dodging
 31609 | Lair:6   | Reached XP level 14. HP: 106/106 MP: 18/28
 31648 | Lair:6   | Slain by an elephant

Illustrated notes

Levels and vault maps discovered:
D:1:      noname_arrival_rooms_in_the_neighbourhood, layout_rooms, minivault_19
D:2:      cheibrodos_old_hovel, layout_basic,
          shapermc_ecumenical_altar_starsandcircs, basic_altar
D:3:      layout_basic
D:4:      layout_loops_ring, dk_xom_monty_hall, serial_shops, shop,
          nicolae_shop_fire_sale [nicolae_sub_dead_trees]
D:5:      minmay_opposing_rooms, layout_cave_pools, minmay_crystal_room,
          due_unseen_surprise
D:6:      layout_loops_ring, temple_hall, minmay_manual_monstrance,
          uniq_sigmund, uniq_duvessa
D:7:      layout_layer_cave, serial_shops, shop, chequers_ossuary_entry_cave,
          nicolae_benzene_ring, grunt_ministairs_4, uniq_crazy_yiuf_cottage
D:8:      layout_basic, serial_shops, nicolae_shop_statue_plus, enter_bailey_4,
          uniq_maggie
D:9:      layout_gridville, serial_glass, glass_columns_c, glass_columns_a,
          glass_columns_c, glass_columns_c, glass_columns_c, glass_columns_b,
          nicolae_specific_store, roderic_lattice_a, grunt_decor_arrowhead,
          uniq_joseph
D:10:     layout_big_octagon, pond, uniq_amaemon
D:11:     layout_stronghold, david_lair_generic
Temple:   mainiacjoe_temple_circle_huts
Lair:1:   layout_gridlike, basic_altar, uniq_nergalle
Lair:2:   layout_roguey, nicolae_swamp_entry_splash_gauntlet, dummy_snake_entry,
          portal_ice_cave_rime, minmay_shattered_shrine, serial_bayou_shore_b
Lair:3:   layout_regular_city, grunt_megastairs_3, lemuel_fruit_tree
Lair:4:   layout_gridlike, lemuel_fruit_fields
Lair:5:   layout_regular_city, grunt_megastairs_4
Lair:6:   gammafunk_lair_ancient_temple, layout_misc_corridors, slime_altar_2,
          uniq_nessos, uniq_rupert

Skill      XL: |  1  2  3  4  5  6  7  8  9 10 11 12 13 |
---------------+----------------------------------------+-----
Transmutations | 2 3 4 5 6 7 |  7.7
Spellcasting   | 5 6 7 8 9 10 | 10.2
Invocations    | 1 2 3 4 5 6 7 8 9 |  9.6
Fighting       | 1 2 3 4 5 6 7 8 |  8.8
Short Blades   | 1 2 3 4 5 6 7 8 |  8.8
Long Blades    | 1 2 3 4 5 6 7 8 |  8.8
Axes           | 1 2 3 4 5 6 7 8 |  8.8
Maces & Flails | 1 2 3 4 5 6 7 8 |  8.8
Polearms       | 1 2 3 4 5 6 7 8 |  8.8
Staves         | 1 2 3 4 5 6 7 8 |  8.8
Slings         | 1 2 3 4 5 6 7 8 |  8.8
Bows           | 1 2 3 4 5 6 7 8 |  8.8
Crossbows      | 1 2 3 4 5 6 7 8 |  8.8
Throwing       | 1 2 3 4 5 6 7 8 |  8.8
Armour         | 1 2 3 4 5 6 7 8 |  8.8
Shields        | 1 2 3 5 7 8 10 11 | 11.7
Unarmed Combat | 1 2 3 4 5 6 7 8 |  8.8
Evocations     | 1 2 3 4 5 6 7 8 |  8.8
Conjurations   | 1 2 3 4 5 6 7 |  7.3
Hexes          | 1 2 3 4 5 6 7 |  7.3
Summonings     | 1 2 3 4 5 6 7 |  7.3
Necromancy     | 1 2 3 4 5 6 7 |  7.3
Translocations | 1 2 3 4 5 6 7 |  7.3
Fire Magic     | 1 2 3 4 5 6 7 |  7.3
Ice Magic      | 1 2 3 4 5 6 7 |  7.3
Air Magic      | 1 2 3 4 5 6 7 |  7.3
Poison Magic   | 1 2 3 4 5 6 7 |  7.3
Dodging        | 5 6 7 8 9 10 | 10.0
Stealth        | 5 6 7 8 9 |  9.8
Earth Magic    | 6 7 8 9 |  9.2

Action                   |  1- 3 |  4- 6 |  7- 9 | 10-12 | 13-15 || total
-------------------------+-------+-------+-------+-------+-------++-------
Melee: Dagger            |     4 |       |       |       |       ||     4
       Rapier            |     6 |     2 |    17 |       |       ||    25
       Staff             |       |     5 |       |       |       ||     5
       Punch             |       |       |     1 |     1 |       ||     2
       Falchion          |       |       |    11 |    23 |       ||    34
       Bite              |       |       |       |     4 |     3 ||     7
       Demon whip        |       |       |       |       |    10 ||    10
 Fire: Hunting sling     |       |       |       |    44 |       ||    44
       Hand crossbow     |       |       |       |   132 |   157 ||   289
 Cast: Sandblast         |    73 |    87 |   211 |   237 |    84 ||   692
       Stone Arrow       |       |     1 |     9 |   119 |    96 ||   225
       Teleport Other    |       |       |       |     3 |       ||     3
Invok: Shadow Form       |       |       |       |       |     2 ||     2
Evoke: Wand              |       |       |       |    36 |     4 ||    40
       Lightning rod     |       |       |       |       |     4 ||     4
  Use: Scroll            |       |    12 |    13 |    12 |     1 ||    38
       Potion            |       |     4 |       |     6 |     3 ||    13
Armor: Robe              |    10 |     6 |    17 |       |       ||    33
       Leather armour    |       |       |    13 |   105 |    86 ||   204
Dodge: Dodged            |    64 |    97 |   275 |   376 |   242 ||  1054

Table legend: (Time is in decaauts)
 A = Elapsed time spent in this place.
 B = Non-inter-level travel time spent in this place.
 C = Inter-level travel time spent in this place.
 D = Time resting spent in this place.
 E = Time spent auto-exploring this place.
 F = Levels seen in this place.
 G = Mean time per level.
                   A        B        C        D        E       F      G
               +--------+--------+--------+--------+--------+-----+--------+
         Total |  32419 |  31679 |    740 |  14208 |  12264 |  21 | 1543.8 |
       Dungeon |  20065 |  19527 |    538 |   8642 |   7551 |  11 | 1824.1 |
        Temple |      1 |      1 |      0 |      0 |      0 |   1 |    1.0 |
          Lair |   9295 |   9094 |    201 |   3516 |   4367 |   6 | 1549.2 |
       Ossuary |    240 |    240 |      0 |      0 |    140 |   1 |  240.0 |
        Bailey |    322 |    322 |      0 |    159 |     10 |   1 |  322.0 |
      Ice Cave |   2493 |   2493 |      0 |   1890 |    196 |   1 | 2493.0 |
               +--------+--------+--------+--------+--------+-----+--------+

Top non-repeatable levels by time:
  Lair:2: 3299 daAuts
     D:5: 3255 daAuts
  Lair:5: 2782 daAuts
     D:4: 2724 daAuts
     D:9: 2639 daAuts
   IceCv: 2493 daAuts
     D:6: 2186 daAuts
     D:7: 2122 daAuts
    D:11: 1668 daAuts
  Lair:1: 1295 daAuts
     D:8: 1289 daAuts
     D:1: 1151 daAuts
     D:3: 1143 daAuts
  Lair:3: 1094 daAuts
     D:2: 986 daAuts
